 Dungeon Crawl Stone Soup version 0.22-a0-293-gc9362ec4a2 (webtiles) character file.

631 Infinimo the Conjurer (level 7, 0/46 HPs)
             Began as a Demonspawn Conjurer on Mar 24, 2018.
             Slain by a hound (5 damage)
             ... on level 4 of the Dungeon.
             The game lasted 00:08:11 (6308 turns).

Infinimo the Conjurer (Demonspawn Conjurer)         Turns: 6308, Time: 00:08:12

Health: 0/46       AC:  3    Str:  8    XL:     7   Next: 24%
Magic:  6/13       EV: 16    Int: 19    God:
Gold:   152        SH:  0    Dex: 18    Spells: 8/15 levels left

rFire    + . .     SeeInvis .   g - +0 dagger
rCold    . . .     Gourm    .   (no shield)
rNeg     . . .     Faith    .   a - +0 robe
rPois    .         Spirit   .   (helmet restricted)
rElec    .         Reflect  .   (no cloak)
rCorr    .         Harm     .   j - +0 pair of gloves
MR       .....                  (no boots)
Stlth    ++++......             (no amulet)
HPRegen  0.15/turn              (no ring)
MPRegen  0.13/turn              (no ring)

@: agile, very heavily drained
A: horns 2, fire resistance 1, nightstalker 1, sturdy frame 1
a: no special abilities


You were on level 4 of the Dungeon.
You were not hungry.

You visited 1 branch of the dungeon, and saw 5 of its levels.

You collected 152 gold pieces.

Inventory:

Hand Weapons
 g - a +0 dagger (weapon)
Armour
 a - a +0 robe (worn)
 j - a +0 pair of gloves (worn)
Wands
 o - a wand of iceblast (6)
Scrolls
 b - a scroll of immolation {unknown}
 d - a scroll of amnesia {unknown}
 f - 2 scrolls of fear
 h - a scroll of noise {unknown}
 k - 2 scrolls of random uselessness {unknown}
 l - a scroll of fog {unknown}
 m - 2 scrolls of remove curse {unknown}
 p - 2 scrolls of identify
Potions
 i - 2 potions of heal wounds {unknown}
 n - a potion of lignification {unknown}
Comestibles
 c - 5 rations


   Skills:
 - Level 1.7(0.0) Dodging
 - Level 1.7(0.0) Stealth
 + Level 4.5(1.2) Spellcasting
 * Level 7.6(4.0) Conjurations


You had 8 spell levels left.
You knew the following spells:

 Your Spells              Type           Power        Failure   Level  Hunger
a - Magic Dart            Conj           ###.         3%          1    ##.....
b - Iskenderun's Mystic   Conj           ###.....     34%         4    #####..
c - Searing Ray           Conj           ###...       5%          2    ###....


Dungeon Overview and Level Annotations

Branches:
Dungeon (5/15)
 Temple: D:4-7

Altars:
Cheibriados
Gozag
Kikubaaqudgha
Makhleb
Ru
The Shining One

Annotations:
D:4 Dowan, Duvessa, Edmund


Innate Abilities, Weirdness & Mutations

You have a pair of horns on your head.
Your flesh is heat resistant. (rF+)
You are slightly more attuned to the shadows.
Your movements are slightly less encumbered by armour. (ER -2)


Message History

The centaur shoots an arrow.
The arrow hits you! The hound bites you.
* * * LOW HITPOINT WARNING * * *
The centaur shoots an arrow.
The arrow hits you.
* * * LOW HITPOINT WARNING * * *
There is a stone staircase leading up here.
You see here 2 arrows.
Unknown command.
Unknown command.
The centaur shoots an arrow.
The arrow hits you.
* * * LOW HITPOINT WARNING * * *
You climb upwards.
Level annotation: Dowan, Duvessa, Edmund
There is a stone staircase leading down here.
Unknown command.
Unknown command.
Unknown command.
It was a potion of agility.
You feel agile all of a sudden. The hound bites you.
You die...

.....#...........................
.....#...........................
.....#..........<................
....##...####+####..#####'#####..
....####'##....###..####....###..
.....'...........................
.....#...........................
.....#...........................
.....#.........h@.........(......
.....#...###################.####
....##...##...###..###....##.##.#
....##...##^..#............#.....
....##...##...#............'.....
....#.....#...#............#.....
....#.....#...'............#.....
....#.....#...#............#...[.
....#.....#...#........<...#.....


You could see a hound.

Vanquished Creatures
  A phantom (D:4)
  2 ogres
  A scorpion (D:5)
  A hound (D:5)
  A centaur skeleton (D:4)
  2 worker ants
  12 adders
  An adder skeleton (D:4)
  3 worms
  3 dart slugs (D:1)
  4 leopard geckos
  10 orcs
  3 giant cockroaches (D:1)
  7 goblins
  8 hobgoblins
  3 jackals (D:3)
  11 kobolds
  2 quokkas (D:3)
  8 bats
  4 frilled lizards
  A jackal zombie (D:4)
  10 rats
98 creatures vanquished.

Notes
Turn   | Place    | Note
-------+----------+-------------------------------------------
     0 | D:1      | Infinimo the Demonspawn Conjurer began the quest for the Orb.
     0 | D:1      | Reached XP level 1. HP: 13/13 MP: 3/3
   439 | D:1      | Gained mutation: You have a pair of small horns on your head. [demonic ancestry]
   439 | D:1      | Reached XP level 2. HP: 18/19 MP: 1/5
   947 | D:1      | Reached XP level 3. HP: 24/24 MP: 0/6
  1628 | D:2      | Reached skill level 5 in Conjurations
  1794 | D:2      | Gained mutation: You have a pair of horns on your head. [demonic ancestry]
  1794 | D:2      | Reached XP level 4. HP: 30/30 MP: 4/8
  1906 | D:2      | Learned a level 4 spell: Iskenderun's Mystic Blast
  2659 | D:3      | Found an ancient bone altar of Kikubaaqudgha.
  2659 | D:3      | Found a burning altar of Makhleb.
  2670 | D:3      | Found a sacrificial altar of Ru.
  2678 | D:3      | Found a glowing golden altar of the Shining One.
  2793 | D:3      | Gained mutation: Your flesh is heat resistant. (rF+) [demonic ancestry]
  2793 | D:3      | Reached XP level 5. HP: 35/35 MP: 3/9
  3525 | D:4      | Reached skill level 6 in Conjurations
  3645 | D:4      | Noticed Duvessa
  3645 | D:4      | Noticed Dowan
  3897 | D:3      | Learned a level 2 spell: Searing Ray
  4258 | D:4      | Noticed an ogre
  4276 | D:4      | Killed an ogre
  4276 | D:4      | Gained mutation: Your movements are slightly less encumbered by armour. (ER -2) [demonic ancestry]
  4276 | D:4      | Reached XP level 6. HP: 16/41 MP: 1/11
  4688 | D:4      | Reached skill level 7 in Conjurations
  4925 | D:5      | Entered Level 5 of the Dungeon
  5163 | D:5      | Noticed Edmund
  5168 | D:5      | Gained mutation: You are slightly more attuned to the shadows. [demonic ancestry]
  5168 | D:5      | Reached XP level 7. HP: 46/46 MP: 3/13
  6204 | D:5      | Found a snail-covered altar of Cheibriados.
  6249 | D:5      | Found an opulent altar of Gozag.
  6308 | D:4      | Slain by a hound

Vault maps used:
D:1:      dpeg_arrival_concentric_ovals, serial_glass, glass_columns_a,
          glass_columns_b
D:2:      first_ration, grunt_ministairs_2
D:3:      grunt_temple_overflow_cloverleaf
D:4:      uniq_duvessa
D:5:      kennysheep_mini, cheibriados_altar_1, uniq_crazy_yiuf_cottage,
          uniq_edmund, uniq_pikel, uniq_blork_the_orc

Skill      XL: |  1  2  3  4  5  6 |
---------------+-------------------+-----
Conjurations   | 5 6 7 |  7.6
Spellcasting   | 3 4 |  4.5
Dodging        | |  1.7
Stealth        | |  1.7

Action                   |  1- 3 |  4- 6 |  7- 9 || total
-------------------------+-------+-------+-------++-------
Melee: Unarmed           |    25 |       |       ||    25
       Club              |     2 |       |       ||     2
       Dagger            |     1 |    18 |     9 ||    28
       Headbutt          |       |     2 |     3 ||     5
 Cast: Magic Dart        |    74 |   165 |    30 ||   269
       Searing Ray       |       |     9 |    16 ||    25
       Iskenderun's Myst |       |       |     4 ||     4
  Use: Scroll            |     2 |     2 |       ||     4
       Potion            |       |     1 |     2 ||     3
 Stab: Sleeping          |     1 |       |       ||     1
  Eat: Chunk             |     3 |     7 |       ||    10
       Ration            |       |     1 |     2 ||     3
Armor: Robe              |    26 |    10 |     8 ||    44
Dodge: Dodged            |    64 |    32 |    29 ||   125

Table legend:
 A = Spawn XP
 B = Non-spawn XP
 C = Spawn XP percentage of total XP
 D = Spawn monster count
 E = Non-spawn monster count
 F = Spawn count percentage of total count
 G = Total turns spent on level
                    A         B        C        D         E        F      G
               +---------+---------+-------+---------+---------+-------+---------
         Total |       0 |     902 |   0.0 |       0 |      98 |   0.0 |  6308
               +---------+---------+-------+---------+---------+-------+---------
           D:1 |       0 |      53 |   0.0 |       0 |      28 |   0.0 |  1513
           D:2 |       0 |     103 |   0.0 |       0 |      21 |   0.0 |   917
           D:3 |       0 |      97 |   0.0 |       0 |      30 |   0.0 |  1650
           D:4 |       0 |     380 |   0.0 |       0 |      13 |   0.0 |  1830
           D:5 |       0 |     269 |   0.0 |       0 |       6 |   0.0 |   398
               +---------+---------+-------+---------+---------+-------+---------
